Map: Echo LE (Void)

Players

Namshar

  • Race: Zerg Zerg
  • Spawn Location: 11:00

Nerchio - Winner!

  • Race: Zerg Zerg
  • Spawn Location: 5:00

Event: WESG 2016 Finals

VOD

Have the link to the VOD?

Description

Time

  • Played on: Jan. 13, 2017, 9:21 p.m.
  • Length: 9:05

All games in this series

Show
View Real Time Build Order
Export as new Build Order

Namshar Zerg 

Build Orders: Hatch First 

Get SALT Encoding   

  12  0:00  Drone  
  13  0:12  Overlord  
  13  0:17  Drone  
  14  0:30  Drone x2  
  14  0:34  Drone  
  17  0:51  Hatchery  
  17  0:54  Drone  
  17  0:57  Drone  
  18  1:08  Extractor  
  17  1:12  Spawning Pool  
  17  1:15  Drone  
  17  1:18  Drone  
  18  1:28  Drone  
  19  1:38  Overlord  
  19  1:49  Drone  
  20  2:00  Queen  
  20  2:01  Drone  
  23  2:03  Drone, Queen  
  23  2:07  Metabolic Boost  
  26  2:11  Drone  
  26  2:15  Drone  
  28  2:21  Drone  
  29  2:28  Zergling x2  
  30  2:32  Zergling x2  
  30  2:34  Spine Crawler  
  30  2:36  Queen  
  32  2:39  Zergling x2  
  33  2:50  Zergling x4  
  33  3:00  Zergling x4  
  26  3:28  Drone x2  
  26  3:30  Drone  
  26  3:31  Baneling Nest  
  28  3:35  Drone x2  
  30  3:43  Drone  
  30  3:45  Overlord  
  31  3:50  Drone  
  32  4:03  Drone  
  31  4:14  Drone  
  31  4:15  Drone x6  
  35  4:20  Baneling x2  
  35  4:26  Drone x2  
  35  4:27  Drone  
  38  4:35  Overlord  
  38  4:37  Baneling x2  
  38  4:39  Drone x2  
  38  4:44  Drone x3  
  43  4:48  Overlord  
  43  4:52  Overlord  
  43  4:55  Overlord  
  42  5:15  Zergling x2  
  42  5:16  Zergling x8  
  42  5:19  Queen  
  44  5:30  Drone  
  44  5:32  Drone x2  
  44  5:33  Hatchery  
  44  5:34  Extractor  
  44  5:35  Drone x2  
  46  5:36  Drone x2  
  46  5:39  Roach Warren  
  46  5:40  Zergling x2  
  48  5:45  Drone  
  48  5:47  Evolution Chamber  
  47  5:58  Drone  
  47  5:59  Baneling  
  47  6:00  Baneling  
  47  6:01  Extractor, Drone x3  
  47  6:02  Overlord  
  50  6:09  Queen  
  52  6:13  Baneling  
  52  6:16  Zerg Missile Weapons Level 1  
  52  6:19  Roach  
  52  6:20  Roach  
  52  6:21  Roach  
  52  6:24  Roach x2  
  62  6:31  Lair  
  62  6:38  Overlord  
  62  6:41  Drone x5  
  62  6:42  Drone  
  62  6:46  Drone x2  
  62  6:47  Drone  
  71  6:53  Drone x2  
  73  6:58  Evolution Chamber  
  74  7:01  Ravager x4  
  74  7:03  Drone  
  74  7:04  Drone x3  
  74  7:08  Extractor  
  79  7:20  Drone x2  
  79  7:21  Drone  
  79  7:22  Drone x3, Overlord  
  85  7:23  Overlord  
  85  7:31  Overlord x2  
  85  7:32  Overlord  
  85  7:33  Roach x2  
  89  7:43  Overlord  
  89  7:44  Overlord  
  89  7:45  Roach x4  
  97  7:53  Ravager  
  97  7:54  Roach  
  97  7:55  Roach x4  
  97  7:57  Roach  
  110  8:00  Roach x2  
  111  8:07  Roach  
  111  8:08  Roach x3  
  114  8:19  Roach x3  
  103  8:23  Roach x3  
  84  8:34  Roach x5  
  84  8:35  Roach x3  
  84  8:38  Roach  
  84  8:40  Roach  
  93  8:45  Roach  
Show
View Real Time Build Order
Export as new Build Order

Nerchio Zerg - Winner!

Build Orders: Pool First 

Get SALT Encoding   

  12  0:00  Drone  
  13  0:14  Extractor  
  12  0:23  Spawning Pool  
  12  0:28  Drone  
  12  0:33  Drone  
  13  0:38  Drone  
  14  0:48  Overlord  
  14  1:09  Queen  
  14  1:10  Zergling x2  
  17  1:19  Metabolic Boost  
  17  1:21  Zergling x2  
  17  1:24  Zergling x2  
  19  1:29  Zergling x2  
  19  1:32  Zergling x2  
  21  1:43  Overlord  
  22  1:54  Zergling x2  
  22  2:07  Hatchery  
  21  2:09  Zergling x2  
  22  2:15  Zergling x2  
  22  2:18  Zergling x2  
  22  2:21  Zergling x2  
  25  2:26  Zergling x2  
  26  2:30  Zergling x2  
  27  2:40  Zergling x2  
  28  2:49  Zergling x4  
  29  3:00  Zergling x2  
  29  3:03  Drone  
  29  3:05  Drone  
  27  3:13  Queen  
  27  3:17  Drone  
  30  3:21  Drone x2  
  30  3:22  Drone  
  30  3:24  Drone  
  33  3:34  Queen  
  35  3:41  Overlord  
  35  3:50  Spine Crawler  
  34  3:59  Drone  
  34  4:00  Drone x3  
  36  4:11  Zergling x6  
  36  4:15  Drone x2  
  39  4:19  Drone  
  39  4:21  Overlord  
  40  4:30  Roach Warren  
  39  4:33  Drone x2  
  39  4:34  Drone  
  42  4:39  Drone x2  
  42  4:43  Drone  
  42  4:44  Drone  
  46  4:46  Drone  
  46  4:51  Drone x2  
  49  4:55  Drone  
  50  5:08  Hatchery  
  48  5:15  Zergling x4  
  47  5:21  Drone x2  
  47  5:22  Drone  
  47  5:26  Evolution Chamber  
  47  5:27  Zergling x4  
  50  5:30  Lair  
  50  5:34  Extractor  
  46  5:36  Roach x3  
  46  5:39  Overlord  
  52  5:45  Overlord  
  52  5:48  Extractor  
  51  5:59  Zerg Missile Weapons Level 1  
  51  6:01  Drone  
  51  6:02  Drone x7  
  59  6:04  Drone  
  59  6:05  Drone  
  59  6:07  Drone  
  62  6:12  Drone  
  62  6:13  Drone, Extractor  
  63  6:21  Drone x2  
  63  6:24  Drone  
  66  6:27  Roach x3  
  66  6:30  Roach  
  66  6:32  Glial Reconstitution  
  73  6:35  Drone  
  73  6:37  Overlord  
  74  6:40  Overlord  
  74  6:44  Overlord  
  74  6:54  Overlord x2  
  74  6:57  Roach x4  
  74  6:59  Roach  
  74  7:01  Roach  
  86  7:02  Roach  
  86  7:04  Roach  
  86  7:06  Roach  
  92  7:09  Roach  
  92  7:11  Roach  
  92  7:14  Roach  
  98  7:16  Overlord  
  98  7:18  Overlord  
  98  7:20  Roach  
  98  7:22  Roach  
  102  7:24  Roach  
  102  7:26  Ravager x2  
  106  7:30  Overlord  
  106  7:31  Overlord  
  106  7:34  Overlord  
  106  7:38  Roach x2  
  106  7:39  Roach  
  106  7:41  Roach  
  114  7:44  Overlord  
  114  7:49  Roach x2  
  114  7:50  Roach  
  120  7:53  Roach  
  120  7:56  Roach x2  
  127  7:58  Ravager  
  127  7:59  Roach, Zergling x2  
  127  8:04  Roach x2  
  131  8:08  Roach x2  
  131  8:12  Roach x2  
  133  8:14  Roach  
  133  8:16  Roach  
  133  8:18  Roach  
  134  8:20  Roach  
  134  8:21  Zergling x2  
  134  8:23  Roach  
  134  8:25  Roach  
  127  8:27  Zergling x4  
  127  8:29  Roach  
  127  8:31  Roach  
  127  8:34  Roach  
  120  8:35  Roach  
  120  8:40  Ravager  
  115  8:42  Roach  
  115  8:44  Roach  
  115  8:48  Zergling x8  
Tags
 
Add a new tag
Caveats
  • Supply blocks, unpowered buildings, or Contaminate may cause inaccurate times.
  • Supply counts are checked every 10 seconds.